 Dungeon Crawl Stone Soup version 0.29.1-1-gd02db6906a (webtiles) character file.

Game seed: 94785802538336718

54 Godmorgon the Gusty (level 3, 0/19 HPs)
             Began as a Tengu Air Elementalist on Oct 17, 2022.
             Slain by an adder (4 damage)
             ... on level 2 of the Dungeon.
             The game lasted 00:05:27 (2039 turns).

Godmorgon the Gusty (Tengu Air Elementalist)        Turns: 2039, Time: 00:05:27

Health: 0/19       AC:  2    Str:  8    XL:     3   Next: 91%
Magic:  1/7        EV: 12    Int: 17    God:
Gold:   40         SH:  0    Dex: 14    Spells: 0/6 levels left

rFire   . . .      SeeInvis .   a - +0 short sword (venom)
rCold   . . .      Faith    .   (no shield)
rNeg    . . .      Spirit   .   e - +0 robe
rPois   .          Reflect  .   (helmet restricted)
rElec   .          Harm     .   (no cloak)
rCorr   .          Rampage  .   (no gloves)
Will    .....                   (boots unavailable)
Stlth   ++........              (no amulet)
HPRegen 0.06/turn               (no ring)
MPRegen 0.10/turn               (no ring)

@: lethally poisoned (0 -> -7)
A: beak, talons 3
a: no special abilities


You were on level 2 of the Dungeon.
You visited 1 branch of the dungeon, and saw 2 of its levels.

You collected 40 gold pieces.

Inventory:

Hand Weapons
 a - a +0 short sword of venom (weapon)
 k - a +0 short sword
Missiles
 j - 3 poisoned darts
Armour
 e - a +0 robe (worn)
 i - a +0 ring mail
Scrolls
 d - 5 scrolls of identify {unknown}
 g - a scroll of enchant armour {unknown}
 h - a scroll of fog {unknown}
Potions
 b - a potion of magic
 c - a potion of resistance {unknown}
 f - a potion of heal wounds {unknown}
 l - a potion of degeneration {unknown}


   Skills:
 - Level 2.1 Dodging
 - Level 2.0 Stealth
 + Level 2.4 Spellcasting
 + Level 2.5 Conjurations
 * Level 5.1 Air Magic
 + Level 0.6 Poison Magic


You couldn't memorise any spells.
You knew the following spells:

 Your Spells              Type           Power      Damage    Failure   Level
d - Static Discharge      Conj/Air       15%        3-5/arc   6%          2
m - Mephitic Cloud        Conj/Pois/Air  11%        N/A       17%         3
s - Shock                 Conj/Air       60%        1d6       3%          1

Your spell library contained the following spells:

 Spells                   Type           Power      Damage    Failure   Level
 Magic Dart               Conj           40%        1d5       6%          1
 Swiftness                Air            19%        N/A       7%          3
 Airstrike                Air            9%         2d(2-18)  22%         4
 Call Imp                 Summ           2%         N/A       28%         2


Dungeon Overview and Level Annotations

Branches:
Dungeon (2/15)

Altars:


Innate Abilities, Weirdness & Mutations

You have a beak for a mouth.
You have claws for feet.


Message History

Confirm with . or Enter, or press ? or * to list all spells.
The kobold is struck by an arc of lightning!
You kill the kobold!
You are struck by an arc of lightning.
Casting: Static Discharge (safe; 6% risk of failure)
Confirm with . or Enter, or press ? or * to list all spells.
The kobold is struck by an arc of lightning.
You kill the kobold!
The endoplasm is struck by an arc of lightning.
The endoplasm is heavily wounded.
The lightning grounds out.
A ball python comes into view.
Casting: Static Discharge (safe; 6% risk of failure)
Confirm with . or Enter, or press ? or * to list all spells.
The endoplasm is struck by an arc of lightning.
You kill the endoplasm!
The adder is struck by an arc of lightning!
The adder is severely wounded.
Casting: Static Discharge (safe; 6% risk of failure)
Confirm with . or Enter, or press ? or * to list all spells.
You don't have enough magic to cast this spell.
Unknown command.
You closely miss the adder.
The adder is heavily wounded.
The adder barely misses you. The adder bites you.
You are poisoned.
The adder poisons you!
You miss the adder. Your kick misses the adder.
The adder is heavily wounded.
You feel sick. The adder closely misses you.
You barely miss the adder.
The adder is heavily wounded.
You feel sick.
You hit the ball python.
You kill the ball python!
You feel sick. The adder bites you.
* * * LOW HITPOINT WARNING * * *
You are lethally poisoned!
The adder poisons you! The adder bites you.
You die...

#########
........#
...>....#
........#
........####
#..........
#..)S)## ##
#@..###..# .
##.......# ..
#...####### ...
#..........
....###.........
................
..####..........
##.#.......
##.(#.......


You could see an adder.

Vanquished Creatures
  An adder (D:2)
  A worm (D:2)
  4 ball pythons
  3 bats (D:1)
  5 endoplasms
  4 giant cockroaches
  3 hobgoblins (D:1)
  A quokka (D:1)
  4 frilled lizards
  3 goblins (D:1)
  8 kobolds
  5 rats (D:1)
42 creatures vanquished.

Notes
Turn   | Place    | Note
-------+----------+-------------------------------------------
     0 | D:1      | Godmorgon the Tengu Air Elementalist began the quest for
                  | the Orb.
     0 | D:1      | Reached XP level 1. HP: 10/10 MP: 4/4
   179 | D:1      | Reached XP level 2. HP: 15/15 MP: 1/6
   183 | D:1      | Learned a level 2 spell: Static Discharge
   300 | D:1      | Found a faded altar of an unknown god.
   835 | D:1      | Reached XP level 3. HP: 18/19 MP: 4/7
   839 | D:1      | Learned a level 3 spell: Mephitic Cloud
  1849 | D:2      | Reached skill level 5 in Air Magic
  2039 | D:2      | Slain by an adder

Illustrated notes

Levels and vault maps discovered:
D:1:      co_arrival_square_in_a_square_in_a_square, layout_loops_corners,
          shapermc_ecumenical_altar_acropolis
D:2:      layout_rooms, basic_altar

Skill      XL: |  1  2  3 |
---------------+----------+-----
Conjurations   | 2 |  2.5
Air Magic      | 5 |  5.1
Dodging        | |  2.1
Stealth        | |  2.0
Spellcasting   | |  2.4
Poison Magic   | |  0.6

Action                   || total
-------------------------++-------
Melee: Short sword       ||    14
       Unarmed           ||     4
       Kick              ||     1
       Peck              ||     1
 Cast: Shock             ||    21
       Static Discharge  ||    30
 Stab: Sleeping          ||     1
Armor: Robe              ||     7
Dodge: Dodged            ||    26
